 Dungeon Crawl Stone Soup version 0.27.0-1-g7a089689b8 (webtiles) character file.

Game seed: 6163631658661428591

2 ZombieSheep the Ruffian (level 1, 0/16 HPs)
             Began as a Draconian Transmuter on Aug 3, 2021.
             Slain by a gnoll (4 damage)
             ... on level 1 of the Dungeon.
             The game lasted 00:00:16 (103 turns).

ZombieSheep the Ruffian (Draconian Transmuter)       Turns: 103, Time: 00:00:16

Health: 0/16       AC:  4    Str: 12    XL:     1   Next: 33%
Magic:  2/3        EV: 12    Int: 13    God:
Gold:   0          SH:  0    Dex: 11    Spells: 3/4 levels left

rFire    . . .     SeeInvis .     - Unarmed
rCold    . . .     Faith    .   (no shield)
rNeg     . . .     Spirit   .   (armour unavailable)
rPois    .         Reflect  .   (helmet currently unavailable)
rElec    .         Harm     .   (no cloak)
rCorr    .         Rampage  .   (no gloves)
Will     .....                  (boots currently unavailable)
Stlth    +.........             (no amulet)
HPRegen  0.05/turn              (no ring)
MPRegen  0.08/turn              (no ring)

@: appendages
A: horns 2, talons 2, AC +4, unfitting armour, cold-blooded
a: End Transformation


You were on level 1 of the Dungeon.
You had temporarily grown beastly horns and talons.
You visited 1 branch of the dungeon, and saw 1 of its levels.

You aren't carrying anything.


   Skills:
 + Level 1.2 Fighting
 + Level 1.8 Dodging
 + Level 3.0 Unarmed Combat
 + Level 2.0 Spellcasting
 + Level 2.0 Transmutations


You had 3 spell levels left.
You knew the following spells:

 Your Spells              Type           Power      Damage    Failure   Level
a - Beastly Appendage     Tmut           12%        N/A       11%         1

Your spell library contained the following spells:

 Spells                   Type           Power      Damage    Failure   Level
 Wereblood                Tmut           6%         N/A       17%         2
 Spider Form              Tmut/Pois      2%         N/A       45%         3
 Ice Form                 Ice/Tmut       4%         N/A       86%         4


Dungeon Overview and Level Annotations

Branches:
Dungeon (1/15)

Altars:


Innate Abilities, Weirdness & Mutations

You have temporarily grown beastly horns and talons.
Your plain brown scales are hard. (AC +4)
You cannot fit into any form of body armour.
You are cold-blooded and may be slowed by cold attacks.


Message History

The kobold hits you with a +0 short sword.
You miss the kobold. The kobold misses you.
You hit the kobold.
The kobold is moderately wounded.
You barely miss the kobold.
The kobold is moderately wounded.
A gnoll comes into view. It is wielding a +0 spear.
The kobold hits you with a +0 short sword.
The goblin misses you.
You closely miss the kobold. You tail-slap the kobold.
The kobold is heavily wounded.
The kobold barely misses you. The goblin barely misses you.
You hit the kobold.
The kobold is severely wounded.
The kobold closely misses you. The goblin barely misses you.
You closely miss the kobold.
Your tail-slap misses the kobold.
The kobold is severely wounded.
The kobold hits you but does no damage. The goblin barely misses you.
You miss the kobold.
The kobold is severely wounded.
The kobold barely misses you. The goblin hits you with a +0 club.
You hit the kobold.
You kill the kobold!
The goblin hits you but does no damage.
You miss the goblin.
Your tail-slap misses the goblin.
The gnoll hits you but does no damage. The goblin hits you but does no damage.
You barely miss the goblin. The gnoll hits you but does no damage.
The goblin hits you with a +0 club.
You are too injured to fight recklessly!
You are too injured to fight recklessly!
Casting: Beastly Appendage (safe; 11% risk of failure)
Confirm with . or Enter, or press ? or * to list all spells.
You grow a pair of large bovine horns.
Your feet morph into talons.
The gnoll misses you. The goblin hits you with a +0 club.
* * * LOW HITPOINT WARNING * * *
You are too injured to fight recklessly!
You closely miss the goblin. You claw the goblin.
You kill the goblin!
The gnoll hits you from afar with a +0 spear.
You die...

.......##.# #.......#.
#. ......... # .#
........ #.# .# #.....
#.# .##
#...#####.#####..##
.###....†......(g...##
.....####.....##))...###
####.# #.#.#.#.@.......
#.# #.#............" #.#
#†###.###...####
###.####.....# #.##
#.....######## .#
#.###.######## .#
######......... #
....##.######## ..#....#


You could see a gnoll.

Vanquished Creatures
  A goblin (D:1)
  A kobold (D:1)
  A ball python (D:1)
  A bat (D:1)
4 creatures vanquished.

Notes
Turn   | Place    | Note
-------+----------+-------------------------------------------
     0 | D:1      | ZombieSheep the Draconian Transmuter began the quest for
                  | the Orb.
     0 | D:1      | Reached XP level 1. HP: 16/16 MP: 3/3
   103 | D:1      | Slain by a gnoll

Illustrated notes

Levels and vault maps discovered:
D:1:      sevenhm_arrival_forest_fort_large_2, layout_loops_ring,
          shapermc_ecumenical_altar_pompeii

Action                   || total
-------------------------++-------
Melee: Unarmed           ||    22
       Kick              ||     1
       Tailslap          ||     1
 Cast: Beastly Appendage ||     1
Armor: Skin              ||    11
Dodge: Dodged            ||    19
